 Dungeon Crawl Stone Soup version 0.31-a0-986-g5e6e4ef867 (webtiles) character file.

Game seed: 8273924992132067719

191 grandjackal the Ducker (level 5, -3/36 HPs)
             Began as a Demonspawn Gladiator on Nov 22, 2023.
             Slain by a kobold
             ... wielding a +0 club
              (4 damage)
             ... in a sewer.
             The game lasted 00:03:06 (1886 turns).

grandjackal the Ducker (Demonspawn Gladiator)       Turns: 1886, Time: 00:03:06

Health: -3/36      AC:  6    Str: 16    XL:     5   Next: 42%
Magic:  5/5        EV: 10    Int: 10    God:
Gold:   146        SH:  0    Dex: 14    Spells: 4/4 levels left

rFire   + . .        a - +0 long sword
rCold   + + .        (no shield)
rNeg    + . .        o - +0 scale mail
rPois   +            (helmet restricted)
rElec   +            (no cloak)
rCorr   +            (no gloves)
SInv    .            (no boots)
Will    .....        (no amulet) Stlth
                     j - ring of positive energy
HPRegen 0.26/turn    l - ring of protection from cold
MPRegen 0.18/turn

%: no passive effects
@: mighty, lethally poisoned (-3 -> -6), resistant, slowed, very slow
A: antennae 1, powered by death 1, magic regeneration, frail 1
a: no special abilities


You were in a sewer.
You visited 1 branch of the dungeon, and saw 3 of its levels.
You also visited: Sewer.

You collected 146 gold pieces.

Inventory:

Hand Weapons
 a - a +0 long sword (weapon)
Missiles
 d - 3 throwing nets
 e - 6 javelins
 s - 3 poisoned darts (quivered)
Armour
 o - a +0 scale mail (worn)
Jewellery
 j - a ring of positive energy (left hand)
 l - a ring of protection from cold (right hand)
Scrolls
 b - a scroll of poison {unknown}
 g - a scroll of revelation {unknown}
 h - 2 scrolls of identify {unknown}
 i - a scroll of teleportation {unknown}
 k - a scroll of silence {unknown}
 n - a scroll of amnesia {unknown}
 p - a scroll of torment {unknown}
Potions
 f - a potion of resistance
 m - a potion of might
 q - a potion of attraction {unknown}
 r - a potion of cancellation {unknown}
 t - a potion of curing {unknown}


   Skills:
 + Level 3.6 Fighting
 + Level 3.8 Long Blades
 - Level 2.0 Throwing
 + Level 3.8 Dodging


You had 4 spell levels left.
You didn't know any spells.
Your spell library contained the following spells:

 Spells                   Type           Power      Damage    Failure   Level
 Dazzling Flash           Conj/Hex       0%         N/A       99%         3
 Volatile Blastmotes      Fire/Tloc      0%         2d10      99%         3
 Starburst                Conj/Fire      0%         6d3       100%        6
 Maxwell's Capacitive Co  Air            0%         ∞         100%        8


Dungeon Overview and Level Annotations

Branches:
Dungeon (3/15)              Sewer (1/1)

Altars:


Innate Abilities, Weirdness & Mutations

You have a pair of small antennae on your head.
You regenerate a little health from kills.
You regenerate magic rapidly.
You are frail. (-10% HP)


Message History

The kobold barely misses you.
The kobold brigand hits you with a +0 club.
The kobold hits you but does no damage.
You closely miss the kobold brigand.
The kobold brigand is lightly wounded.
The kobold barely misses you. The kobold closely misses you.
The kobold brigand completely misses you.
The kobold throws a stone.
The stone hits you but does no damage.
The kobold throws a stone.
The stone barely misses you.
The stone hits the plant.
The plant begins to die.
The kobold barely misses you.
There is a large open door, spattered with blood here.
The kobold hits you but does no damage.
You hit the kobold but do no damage. The kobold hits you with a +0 club.
The kobold brigand throws a curare-tipped dart.
The curare-tipped dart hits you.
You are poisoned.
You have difficulty breathing.
* * * LOW HITPOINT WARNING * * *
You feel yourself slow down.
It was a potion of might.
You feel very mighty all of a sudden.
* * * LOW HITPOINT WARNING * * *
You feel very sick. The kobold completely misses you.
The kobold hits you but does no damage.
It was a potion of resistance.
You feel protected.
* * * LOW HITPOINT WARNING * * *
You feel sick.
A nearby plant withers and dies.
The kobold closely misses you. x2
The kobold brigand hits you but does no damage.
The kobold hits you but does no damage.
The kobold brigand hits you but does no damage.
The kobold hits you with a +0 club.
* * * LOW HITPOINT WARNING * * *
It was a potion of mutation.
You feel extremely strange.
You feel frail.
* * * LOW HITPOINT WARNING * * *
You feel sick. The kobold hits you but does no damage.
The kobold hits you with a +0 club.
You die...

### ###### #P##.....##
########..........
#####!..!#P...........
#.∩.#.!..K@...........
#.∩.#.∩..KK.~P~~......
#...#....#.~~~P~......
###'########~~########
#≈~~~~~†~~~~~~~~~~~~
#≈≈~≈≈≈≈≈~≈≈≈≈≈~≈≈≈≈
#≈~~~~~~~~~~~~~~~~~~
#################~~~
~~~


You could see a kobold brigand and 2 kobolds.

Vanquished Creatures
  An orc priest (D:3)
  Natasha (thrice) (D:2)
  2 adders
  4 worms (D:2)
  An orc (D:3)
  7 endoplasms
  2 giant cockroaches (D:1)
  3 goblins (D:1)
  5 hobgoblins
  6 jackals (D:1)
  A quokka (D:1)
  10 ball pythons
  8 bats
  2 frilled lizards
  3 kobolds
  2 rats
60 creatures vanquished.

Notes
Turn   | Place    | Note
-------+----------+-------------------------------------------
     0 | D:1      | grandjackal the Demonspawn Gladiator began the quest for
                  | the Orb.
     0 | D:1      | Reached XP level 1. HP: 16/16 MP: 1/1
    54 | D:1      | Gained mutation: You regenerate magic rapidly. [demonic
                  | ancestry]
    54 | D:1      | Reached XP level 2. HP: 22/22 MP: 2/2
   515 | D:1      | Reached XP level 3. HP: 23/26 MP: 3/3
   931 | D:2      | Noticed Natasha
   935 | D:2      | Killed Natasha
   936 | D:2      | Gained mutation: You have a pair of small antennae on your
                  | head. [demonic ancestry]
   936 | D:2      | Reached XP level 4. HP: 27/35 MP: 4/4
  1274 | D:2      | Noticed Natasha
  1293 | D:2      | Killed Natasha
  1323 | D:2      | Noticed Natasha
  1336 | D:2      | Killed Natasha
  1337 | D:2      | Gained mutation: You regenerate a little health from kills.
                  | [demonic ancestry]
  1337 | D:2      | Reached XP level 5. HP: 19/41 MP: 5/5
  1830 | D:3      | Found a glowing drain.
  1839 | Sewer    | Entered a sewer
  1886 | Sewer    | Gained mutation: You are frail. (-10% HP) [potion of
                  | mutation]
  1886 | Sewer    | HP: 1/36 [poisoned by a kobold brigand (curare-tipped
                  | dart)]
  1886 | Sewer    | Slain by a kobold

Illustrated notes

Levels and vault maps discovered:
D:1:      dpeg_arrival_line_fractal, layout_rooms,
          chequers_serial_rivers_micro_d
D:2:      layout_loops_ring, uniq_natasha
D:3:      layout_loops_cross, portal_sewer_entry_d
Sewer:    kennysheep_pipe_town

Skill      XL: |  1  2  3 |
---------------+----------+-----
Throwing       | 2 |  2.0
Long Blades    | 3 |  3.8
Dodging        | 3 |  3.8
Fighting       | 3 |  3.6

Action                     |  1- 3 |  4- 6 || total
---------------------------+-------+-------++-------
  Melee: Long sword        |   136 |   100 ||   236
         Punch             |     4 |       ||     4
  Throw: Dart              |       |     3 ||     3
    Use: Potion            |       |     3 ||     3
 Armour: Leather armour    |    59 |       ||    59
         Scale mail        |    38 |    88 ||   126
  Dodge: Dodged            |   103 |    76 ||   179

Table legend: (Time is in decaauts)
 A = Elapsed time spent in this place.
 B = Non-inter-level travel time spent in this place.
 C = Inter-level travel time spent in this place.
 D = Time resting spent in this place.
 E = Time spent auto-exploring this place.
 F = Levels seen in this place.
 G = Mean time per level.
                   A        B        C        D        E       F      G
               +--------+--------+--------+--------+--------+-----+--------+
         Total |   1966 |   1938 |     28 |    256 |   1001 |   4 |  491.5 |
       Dungeon |   1905 |   1877 |     28 |    256 |    989 |   3 |  635.0 |
         Sewer |     61 |     61 |      0 |      0 |     12 |   1 |   61.0 |
               +--------+--------+--------+--------+--------+-----+--------+

Top non-repeatable levels by time:
     D:2: 961 daAuts
     D:1: 726 daAuts
     D:3: 216 daAuts
   Sewer: 61 daAuts
